Map: [ESL] Babylon

Players

Harstem - Winner!

  • Race: Protoss Protoss
  • Spawn Location: 5:00

Wayne

  • Race: Zerg Zerg
  • Spawn Location: 11:00

Event: ESL SC2 Masters 2023 Summer (Regionals)

VOD

Have the link to the VOD?

Description

Time

  • Played on: May 12, 2023, 12:19 p.m.
  • Length: 12:45

All games in this series

Show
View Real Time Build Order
Export as new Build Order

Harstem Protoss - Winner!

Build Orders: 1 Gate Expand, Oracle Opening 

Get SALT Encoding   

  12  0:00  Probe  
  13  0:12  Probe  
  14  0:17  Pylon  
  14  0:24  Probe  
  15  0:36  Probe (Chrono Boost)  
  15  0:42  Gateway  
  16  0:46  Probe (Chrono Boost)  
  17  0:50  Assimilator  
  17  0:51  Probe (Chrono Boost)  
  18  1:03  Probe  
  19  1:15  Probe  
  20  1:26  Nexus  
  20  1:36  Cybernetics Core  
  20  1:39  Probe  
  21  1:51  Probe, Assimilator  
  22  1:57  Pylon  
  22  2:04  Probe  
  23  2:12  Adept (Chrono Boost), Warp Gate  
  25  2:16  Probe  
  26  2:28  Probe (Chrono Boost)  
  27  2:35  Stalker  
  29  2:39  Probe (Chrono Boost)  
  31  2:45  Probe (Chrono Boost), Stargate  
  31  2:49  Probe (Chrono Boost)  
  32  2:54  Gateway  
  32  2:55  Probe (Chrono Boost)  
  34  2:59  Probe (Chrono Boost)  
  34  3:00  Probe (Chrono Boost)  
  34  3:05  Adept  
  37  3:09  Probe  
  37  3:10  Probe  
  39  3:15  Pylon  
  39  3:21  Probe  
  39  3:23  Probe  
  39  3:25  Oracle (Chrono Boost)  
  41  3:33  Probe  
  45  3:35  Probe, Pylon  
  46  3:45  Probe  
  46  3:47  Probe  
  48  3:52  Oracle (Chrono Boost)  
  51  3:57  Probe  
  51  4:00  Probe, Adept x2  
  57  4:09  Probe  
  58  4:12  Probe, Nexus  
  58  4:15  Pylon  
  59  4:21  Probe, Assimilator  
  59  4:23  Assimilator  
  60  4:27  Probe  
  60  4:30  Oracle (Chrono Boost)  
  61  4:32  Pylon  
  61  4:35  Adept x2  
  68  4:43  Probe  
  69  4:46  Probe  
  69  4:49  Shield Battery  
  70  4:53  Forge  
  70  4:56  Twilight Council  
  70  4:57  Stalker  
  70  4:59  Probe  
  73  5:00  Stalker  
  73  5:05  Probe  
  76  5:10  Blink (Chrono Boost)  
  76  5:12  Probe (Chrono Boost)  
  69  5:17  Probe (Chrono Boost)  
  69  5:20  Stalker  
  70  5:26  Protoss Ground Weapons Level 1 (Chrono Boost)  
  73  5:29  Probe x2 (Chrono Boost), Stalker  
  73  5:30  Probe (Chrono Boost)  
  73  5:34  Probe (Chrono Boost)  
  76  5:36  Probe x2 (Chrono Boost)  
  76  5:39  Gateway  
  76  5:41  Gateway  
  76  5:44  Probe  
  76  5:46  Stalker  
  76  5:47  Probe  
  76  5:48  Probe  
  81  5:56  Probe  
  82  5:58  Stalker  
  82  6:00  Probe x2  
  82  6:01  Assimilator  
  82  6:03  Pylon  
  86  6:07  Assimilator  
  86  6:08  Probe  
  86  6:09  Pylon  
  86  6:11  Robotics Facility  
  87  6:14  Stalker  
  87  6:16  Probe  
  87  6:17  Templar Archives  
  90  6:19  Probe  
  90  6:20  Probe  
  92  6:31  Probe  
  92  6:32  Stalker  
  95  6:35  Nexus  
  95  6:36  Stalker x2  
  95  6:37  Probe  
  95  6:39  Probe  
  101  6:43  Probe  
  101  6:44  Pylon  
  101  6:46  Pylon  
  102  6:52  Adept  
  102  6:54  Probe  
  104  6:55  Pylon, Stalker  
  104  6:59  Probe  
  104  7:00  Probe  
  108  7:03  Psionic Storm  
  108  7:05  Protoss Ground Weapons Level 2  
  108  7:06  Probe  
  108  7:07  Gateway  
  109  7:11  Probe, Gateway  
  109  7:13  Probe  
  109  7:14  High Templar x2  
  115  7:19  Pylon, Stalker  
  117  7:23  Stalker, Shield Battery  
  117  7:27  Probe  
  120  7:34  Immortal (Chrono Boost)  
  124  7:38  Probe  
  124  7:39  Probe  
  124  7:41  Probe  
  127  7:45  Stalker  
  127  7:46  Stalker x3  
  132  7:57  Probe  
  128  8:04  Stalker  
  128  8:09  Pylon x2  
  128  8:11  Pylon  
  127  8:14  Pylon  
  127  8:20  Pylon  
  127  8:25  Pylon  
  127  8:27  Immortal (Chrono Boost), Pylon  
  127  8:29  High Templar  
  127  8:30  Stalker x4, Sentry  
  127  8:31  Nexus  
  127  8:33  Pylon  
  141  8:40  Gateway  
  139  8:45  Gateway  
  139  8:46  Probe  
  139  8:48  Probe  
  141  8:49  Photon Cannon  
  141  8:53  High Templar x2  
  141  8:54  High Templar  
  147  8:57  Shield Battery  
  147  9:01  Immortal (Chrono Boost)  
  151  9:04  High Templar, Photon Cannon  
  151  9:05  Gateway  
  151  9:08  Phoenix (Chrono Boost)  
  155  9:10  Shield Battery  
  155  9:18  Probe  
  155  9:19  Assimilator  
  155  9:21  Pylon  
  155  9:22  Assimilator  
  156  9:27  Probe  
  156  9:29  High Templar x2, Stalker x2  
  165  9:39  Stalker x3  
  165  9:43  Probe  
  165  9:45  Protoss Ground Weapons Level 3 (Chrono Boost)  
  172  9:49  Photon Cannon  
  172  9:51  Photon Cannon  
  172  9:53  Warp Prism (Chrono Boost)  
  172  9:59  Charge (Chrono Boost)  
  174  10:09  Zealot x7  
  184  10:21  Fleet Beacon  
  184  10:22  Immortal  
  184  10:23  Stargate  
  188  10:30  Probe  
  188  10:32  Photon Cannon  
  189  10:36  Photon Cannon  
  189  10:37  Photon Cannon  
  189  10:42  Stargate  
  189  10:56  Carrier (Chrono Boost)  
  189  10:58  Stalker x5  
  184  11:19  Stalker x4  
  184  11:21  Zealot x4  
  200  11:37  Pylon  
  200  11:38  Photon Cannon  
  194  11:40  Photon Cannon  
  194  11:44  Photon Cannon  
  189  11:47  Zealot, Photon Cannon  
  189  11:48  Zealot x4  
  199  12:01  Nexus  
  198  12:17  Stalker  
  189  12:31  Zealot x5  
Show
View Real Time Build Order
Export as new Build Order

Wayne Zerg 

Build Orders: Hatch First, Lurkers 

Get SALT Encoding   

  12  0:00  Drone  
  13  0:12  Overlord  
  13  0:17  Drone  
  14  0:30  Drone  
  14  0:31  Drone  
  16  0:50  Hatchery  
  16  0:52  Drone  
  16  0:55  Drone  
  17  0:59  Drone  
  18  1:09  Extractor  
  17  1:14  Spawning Pool  
  17  1:17  Drone  
  17  1:20  Drone  
  18  1:27  Drone  
  19  1:39  Drone  
  20  1:49  Overlord  
  20  2:02  Queen x2  
  20  2:03  Zergling x4  
  26  2:11  Drone  
  26  2:13  Drone, Metabolic Boost  
  28  2:22  Drone  
  29  2:23  Drone  
  30  2:33  Zergling x2  
  31  2:38  Hatchery  
  31  2:41  Drone  
  30  2:47  Queen  
  32  2:53  Overlord  
  32  2:57  Zergling x2  
  33  2:58  Drone  
  33  3:00  Drone  
  33  3:05  Drone  
  36  3:12  Queen  
  38  3:13  Drone x2  
  38  3:14  Drone  
  38  3:19  Overlord  
  40  3:21  Drone  
  40  3:25  Drone x2  
  43  3:33  Extractor, Roach Warren  
  41  3:35  Drone  
  41  3:37  Overlord  
  42  3:41  Drone  
  43  3:52  Drone  
  43  3:53  Drone x5  
  49  3:59  Drone  
  50  4:03  Overlord  
  49  4:12  Spore Crawler  
  49  4:14  Roach x3  
  49  4:15  Zergling x2  
  49  4:16  Zergling x4  
  57  4:17  Spore Crawler  
  56  4:25  Zergling x2  
  56  4:26  Zergling x8  
  61  4:33  Spore Crawler  
  61  4:36  Zergling x6  
  63  4:40  Drone  
  63  4:44  Drone x4  
  64  4:48  Ravager  
  64  4:49  Overlord  
  65  4:53  Overlord  
  65  5:01  Overlord  
  65  5:05  Drone  
  65  5:06  Overlord  
  65  5:09  Drone x6  
  65  5:13  Drone  
  66  5:19  Drone x4  
  67  5:24  Drone x3  
  69  5:28  Drone x2  
  70  5:38  Lair  
  69  5:42  Hatchery  
  69  5:43  Drone x2  
  69  5:46  Evolution Chamber  
  69  5:47  Extractor x2  
  69  5:48  Extractor, Drone x3  
  69  5:51  Drone x2  
  69  5:55  Drone x4  
  75  6:03  Drone  
  76  6:05  Overlord  
  76  6:10  Roach x4  
  84  6:15  Zerg Missile Weapons Level 1  
  84  6:19  Overlord x2  
  84  6:20  Roach x2  
  84  6:25  Roach x3  
  94  6:30  Overlord  
  94  6:31  Roach x2  
  98  6:35  Overlord  
  98  6:36  Glial Reconstitution  
  98  6:38  Roach  
  98  6:39  Roach x2  
  104  6:46  Roach x4  
  112  6:50  Ravager  
  110  6:55  Zergling x10  
  110  7:00  Overlord  
  123  7:01  Roach x4  
  123  7:02  Ravager x2  
  123  7:03  Ravager  
  123  7:05  Roach x2  
  130  7:09  Overlord  
  130  7:13  Roach x3  
  135  7:19  Roach x4  
  135  7:22  Overlord  
  143  7:23  Ravager  
  143  7:27  Overlord  
  150  7:30  Roach x3  
  150  7:34  Roach  
  152  7:39  Overlord  
  152  7:40  Roach x4  
  148  7:44  Roach  
  148  7:45  Roach  
  148  7:49  Roach x3  
  151  7:53  Roach x2  
  143  7:59  Roach x3  
  143  8:04  Roach  
  143  8:05  Roach x3  
  151  8:10  Drone  
  151  8:11  Drone x5  
  153  8:14  Drone  
  153  8:15  Zerg Missile Weapons Level 2  
  152  8:22  Drone x6  
  158  8:28  Infestation Pit  
  158  8:29  Zergling x4, Hydralisk Den  
  158  8:38  Extractor  
  158  8:39  Extractor  
  158  8:41  Extractor, Drone x4, Evolution Chamber  
  148  8:44  Overlord  
  148  8:47  Drone x3  
  151  8:48  Zergling x6  
  151  8:49  Zergling x6  
  151  8:55  Overlord x3  
  157  9:02  Lurker Den  
  156  9:06  Spore Crawler, Hive  
  155  9:10  Zergling x14  
  155  9:16  Muscular Augments  
  161  9:17  Drone x2  
  163  9:24  Drone x2  
  163  9:30  Zergling x2  
  163  9:31  Zergling x10  
  171  9:32  Hatchery  
  170  9:38  Zerg Ground Armor Level 1  
  168  9:46  Hydralisk x5  
  168  9:50  Overlord  
  168  9:51  Hydralisk  
  180  9:54  Hydralisk x3  
  180  9:59  Overlord  
  179  10:07  Zergling x2  
  179  10:08  Zergling x12  
  179  10:11  Lurker x5  
  187  10:14  Zergling x12  
  187  10:17  Lurker  
  191  10:22  Adaptive Talons  
  191  10:24  Lurker x2  
  191  10:26  Lurker  
  194  10:37  Hydralisk x3  
  194  10:42  Spine Crawler x3  
  197  10:44  Spine Crawler  
  197  10:49  Hydralisk x2  
  195  10:52  Grooved Spines  
  198  11:04  Hydralisk x6  
  187  11:09  Roach x3  
  198  11:13  Zergling x12  
  198  11:17  Zergling x4  
  198  11:18  Zergling x4  
  182  11:19  Seismic Spines  
  182  11:21  Zergling x6  
  174  11:28  Hydralisk x2, Swarm Host  
  177  11:34  Lurker x2  
  177  11:37  Drone x3  
  177  11:38  Hydralisk x2  
  185  11:43  Hydralisk x2  
  185  11:46  Lurker  
  188  11:58  Lurker x2  
  188  12:00  Hydralisk x6  
  200  12:06  Overseer  
  199  12:14  Hydralisk x6  
  183  12:19  Hydralisk x2  
  152  12:28  Lurker x3  
Tags
 
Add a new tag
Caveats
  • Supply blocks, unpowered buildings, or Contaminate may cause inaccurate times.
  • Supply counts are checked every 10 seconds.